 Dungeon Crawl Stone Soup version 0.29-a0-472-ge5599a681e (webtiles) character file.

Game seed: 18348286409721887778

102241 dolemite99 the Severer (level 15, 0/202 HPs)
             Began as a Minotaur Fighter on May 23, 2022.
             Was a Believer of Uskayaw.
             Killed from afar by a merfolk aquamancer (22 damage)
             ... with a torrent of water
             ... on level 1 of the Shoals.
             The game lasted 00:47:47 (37822 turns).

dolemite99 the Severer (Minotaur Fighter)          Turns: 37822, Time: 00:47:48

Health: 0/202      AC: 36    Str: 27    XL:     15   Next: 85%
Magic:  23/23      EV:  9    Int:  7    God:    Uskayaw [**....]
Gold:   899        SH:  4    Dex:  9    Spells: 14/14 levels left

rFire   . . .      SeeInvis .   b - +1 broad axe
rCold   . . .      Faith    +   v - +0 buckler
rNeg    . . .      Spirit   .   h - +4 plate armour
rPois   .          Reflect  .   L - +2 hat
rElec   .          Harm     .   K - +1 cloak
rCorr   .          Rampage  .   N - +1 pair of gloves
Will    ++...                   x - +2 pair of boots
Stlth   ..........              p - amulet of faith
HPRegen 0.43/turn               c - +4 ring of protection {=R}
MPRegen 0.18/turn               g - ring of willpower

@: berserking, lethally poisoned (0 -> -17), engulfed (cannot breathe), quick
A: horns 2, retaliatory headbutt, shaggy fur 1
a: Renounce Religion, Stomp, Line Pass


You were on level 1 of the Shoals.
You worshipped Uskayaw.
Uskayaw was pleased with you.
You visited 4 branches of the dungeon, and saw 24 of its levels.

You collected 2836 gold pieces.
You spent 1937 gold pieces at shops.

Inventory:

Hand Weapons
 a - a +2 flail of freezing
 b - a +1 broad axe (weapon)
 B - a +1 flail of holy wrath
 D - a +0 morningstar
 G - the +6 dagger of Neos {freeze, rElec}
   (You found it on level 6 of the Dungeon)

   It freezes those it strikes, dealing additional cold damage.
   It can also slow down cold-blooded creatures.
   rElec:     It insulates you from electricity.
Missiles
 C - 2 throwing nets (quivered)
 M - 2 javelins
 Y - 5 curare-tipped darts
Armour
 h - a +4 plate armour (worn)
 v - a +0 buckler (worn)
 x - a +2 pair of boots (worn)
 K - a +1 cloak (worn)
 L - a +2 hat (worn)
 N - a +1 pair of gloves (worn)
Magical Staves
 Q - a staff of poison
 R - a staff of cold
Jewellery
 c - a +4 ring of protection (left hand) {=R}
 d - a +4 ring of evasion
 e - the ring "Caisimue" {Ice +Blink Fly Dex+4}
   (You found it on level 13 of the Dungeon)

   [ring of ice]

   It enhances your ice magic.
   Dex:       It affects your dexterity (+4).
   rF:        It makes you vulnerable to fire.
   rC:        It protects you from cold.
   Fly:       It grants you flight.
   +Blink:    It lets you blink.
 f - the ring of Meulyt {Fire Int+3}
   (You found it on level 13 of the Dungeon)

   [ring of fire]

   It enhances your fire magic.
   Int:       It affects your intelligence (+3).
   rF:        It protects you from fire.
   rC:        It makes you vulnerable to cold.
 g - a ring of willpower (right hand)
 n - an amulet of guardian spirit
 p - an amulet of faith (around neck)
 F - a ring of resist corrosion
 H - a ring of see invisible
Wands
 o - a wand of digging (20)
 J - a wand of polymorph (5)
 S - a wand of paralysis (14)
 X - a wand of charming (2)
Scrolls
 i - 2 scrolls of identify {@r1}
 k - 6 scrolls of teleportation
 A - 3 scrolls of poison
 T - a scroll of fog
 U - 2 scrolls of blinking
 Z - a scroll of fear
Potions
 j - 3 potions of flight
 l - a potion of brilliance
 m - 3 potions of attraction
 q - 2 potions of haste
 s - 3 potions of resistance
 t - 5 potions of ambrosia
 u - 2 potions of magic
 w - a potion of berserk rage
 O - 8 potions of curing
 P - a potion of lignification
 W - a potion of cancellation


   Skills:
 - Level 13.0 Fighting
 * Level 15.2(16.9) Axes
 - Level 12.3(15.5) Maces & Flails
 - Level 9.4 Throwing
 - Level 13.6 Armour
 - Level 5.7 Dodging
 - Level 5.0 Shields
 - Level 12.6 Invocations
 - Level 8.3 Evocations


You had 14 spell levels left.
You didn't know any spells.
Your spell library contained the following spells:

 Spells                   Type           Power      Damage    Failure   Level
 Apportation              Tloc           0%         N/A       99%         1
 Beastly Appendage        Tmut           0%         N/A       99%         1
 Magic Dart               Conj           0%         1d3       99%         1
 Necrotize                Necr           0%         1d4       99%         1
 Slow                     Hex            0%         N/A       99%         1
 Sting                    Tmut/Pois      0%         1d3       99%         1
 Summon Small Mammal      Summ           0%         N/A       99%         1
 Blink                    Tloc           0%         N/A       99%         2
 Ensorcelled Hibernation  Hex/Ice        0%         N/A       99%         2
 Passwall                 Tmut/Erth      0%         N/A       99%         2
 Searing Ray              Conj           0%         2d4       99%         2
 Sublimation of Blood     Necr           0%         N/A       99%         2
 Wereblood                Tmut           0%         N/A       99%         2
 Call Canine Familiar     Summ           0%         N/A       100%        3
 Confusing Touch          Hex            0%         N/A       100%        3
 Lesser Beckoning         Tloc           0%         N/A       100%        3
 Portal Projectile        Hex/Tloc       0%         N/A       100%        3
 Summon Guardian Golem    Hex/Summ       0%         N/A       100%        3
 Swiftness                Air            0%         N/A       100%        3
 Vampiric Draining        Necr           0%         2d6       100%        3
 Animate Armour           Summ/Erth      0%         N/A       100%        4
 Fulminant Prism          Conj/Hex       0%         3d6       100%        4
 Leda's Liquefaction      Hex/Erth       0%         N/A       100%        4
 Olgreb's Toxic Radiance  Pois           0%         N/A       100%        4
 Alistair's Intoxication  Tmut/Pois      0%         N/A       100%        5
 Blade Hands              Tmut           0%         N/A       100%        5
 Borgnjor's Vile Clutch   Necr/Erth      0%         N/A       100%        5
 Lightning Bolt           Conj/Air       0%         1d11      100%        5
 Manifold Assault         Tloc           0%         N/A       100%        5
 Eringya's Noxious Bog    Tmut/Pois      0%         N/A       100%        6
 Iron Shot                Conj/Erth      0%         9d1       100%        6
 Ozocubu's Refrigeration  Ice            0%         4d5       100%        7
 Summon Hydra             Summ           0%         N/A       100%        7
 Ignition                 Fire           0%         3d3       100%        8
 Necromutation            Tmut/Necr      0%         N/A       100%        8
 Chain Lightning          Conj/Air       0%         N/A       100%        9
 Fire Storm               Conj/Fire      0%         5d1       100%        9
 Shatter                  Erth           0%         3d5*      100%        9


Dungeon Overview and Level Annotations

Branches:
Dungeon (15/15)            Temple (0/1) D:5            Lair (6/6) D:8
 Shoals (1/4) Lair:3       Spider (0/4) Lair:4        Slime (0/5) Lair:6
    Orc (2/2) D:9             Elf (0/3) Orc:2        Vaults (0/5) D:14
 Depths (0/4) D:15

Altars:
Elyvilon
Gozag
Okawaru
Ru
Sif Muna
Uskayaw
Wu Jian
Xom
Yredelemnul
Zin
Beogh
Jiyva

Shops:
D:5 *(   D:8 [   D:9 *   D:11 !*   Orc:2 [?!(

Portals:
Trove: D:14 (give 4 potions of resistance)

Annotations:
D:1 exclusion: downstairs
D:8 exclusion: downstairs
D:13 2 transporters, Fyzyjia Apiu's ghost, journeyman VSAK
D:15 Roxanne
Lair:2 exclusion: 3 oklob plants


Innate Abilities, Weirdness & Mutations

You have a pair of horns on your head.
You reflexively headbutt those who attack you in melee.
You are covered in fur. (AC +1)


Message History

Unknown command.
Aiming: Throw Flame
Press: ? - help, Shift-Dir - straight line, f - water nymph
Aim: a water nymph (67% to hit)
The puff of flame hits the water nymph.
The water nymph is lightly wounded.
The now-empty wand crumbles to dust.
* * * LOW HITPOINT WARNING * * *
Your lungs strain for air!
The water nymph is engulfed in a cloud of scalding steam.
The water nymph closely misses you. You furiously retaliate!
You headbutt the water nymph.
The merfolk hits you from afar with a +0 trident of venom!
* * * LOW HITPOINT WARNING * * *
You are poisoned.
The water elemental hits you. x2
The snapping turtle bites you but does no damage.
A red film seems to cover your vision as you go berserk!
You feel yourself moving faster!
You feel mighty!
* * * LOW HITPOINT WARNING * * *
Your lungs strain for air!
You feel very sick.
The water nymph is engulfed in a cloud of scalding steam.
You block the water nymph's attack.
The merfolk hits you but does no damage.
You are more poisoned.
The water elemental barely misses you. You furiously retaliate!
You headbutt the water elemental! The water elemental hits you.
* * * LOW HITPOINT WARNING * * *
The snapping turtle bites you but does no damage.
You can now pass through a line of other dancers.
You closely miss the water nymph.
The water nymph is moderately wounded.
You slash the water elemental! You slice the water elemental!!
* * * LOW HITPOINT WARNING * * *
Your lungs strain for air!
You feel sick. The water elemental hits you.
The merfolk aquamancer gestures at you while chanting.
The torrent of water passes through the water elemental.
The torrent of water hits you!!
You die...

≈≈≈≈≈≈≈≈≈≈≈≈≈≈≈≈≈≈≈
≈≈≈≈≈≈≈≈≈≈≈≈≈≈≈≈≈≈≈
≈≈≈≈≈≈≈≈≈≈≈≈≈≈....≈
≈≈≈≈≈(≈≈≈≈≈≈.≈....≈
....≈≈.(..≈≈.###..≈
#...≈...=.≈≈.#
..#.......≈t≈##
..........≈mm≈# .≈≈≈≈
≈E..#.....mmE@# ≈≈≈≈≈
≈≈≈≈.......mE## #≈≈≈≈≈
≈≈≈≈.#......E## .≈≈≈≈≈
≈≈≈≈..........####.≈≈≈≈≈
≈≈≈..#....###......≈≈≈≈≈
≈≈........# #..)..≈≈≈≈≈≈
E...#.....# #.≈.≈≈≈≈≈≈≈≈
...... #..≈≈≈≈≈≈≈≈≈≈
.$... #.≈≈≈≈≈≈≈≈≈≈≈


You could see 3 merfolk aquamancers, a snapping turtle, a merfolk, 3 water
elementals and a water nymph.

Vanquished Creatures
  Kirke (Lair:6)
  An ettin (D:15)
  Josephine (D:10)
  7 hydras
  2 boulder beetles
  2 catoblepae (Lair:6)
  6 centaur warriors
  Erica (Lair:2)
  10 two-headed ogres
  5 death yaks (Lair:6)
  A tengu warrior (D:15)
  A deep troll shaman (Lair:6)
  A deep elf knight (D:15)
  5 orc high priests (Orc:2)
  4 skeletal warriors
  Lodul (D:11)
  2 deep trolls (D:15)
  A wizard (D:15)
  A lindwurm (Lair:6)
  5 orc knights
  7 deep elf pyromancers
  A necromancer (D:15)
  3 orc sorcerers
  A wolf spider (Lair:4)
  6 manticores
  3 cyclopes
  7 ugly things
  Maurice (D:11)
  A merfolk siren (Shoals:1)
  17 elephants
  4 black mambas
  A cane toad (shapeshifter) (D:13)
  Maggie (D:7)
  13 cane toads
  A gargoyle (D:10)
  4 centaur skeletons (D:14)
  4 orange demons (D:12)
  4 rime drakes
  2 freezing wraiths
  A kobold demonologist (D:13)
  2 unseen horrors
  3 yaktaurs (D:14)
  A komodo dragon (shapeshifter) (D:10)
  12 komodo dragons
  A queen bee (Lair:2)
  4 trolls
  A wind drake (Shoals:1)
  2 hornets
  A polar bear (Lair:6)
  Grinder (D:6)
  14 blink frogs
  12 slime creatures
  2 snapping turtles
  13 dream sheep
  2 jumping spiders (Lair:4)
  A centaur simulacrum (D:14)
  2 water elementals
  6 wyverns
  Sigmund (D:2)
  2 shadows
  2 culicivoras (Lair:4)
  8 wraiths
  7 hogs (Lair:6)
  25 yaks
  6 basilisks
  5 steam dragons
  19 vampire mosquitoes
  Menkaure (D:5)
  Edmund (D:5)
  A warg (Orc:2)
  An acid dragon (D:11)
  10 water moccasins
  30 orc warriors
  2 black bears (Lair:6)
  11 ogres
  An ice beast (D:6)
  A sky beast (D:8)
  15 centaurs
  19 wolves
  3 kobold brigands
  10 bullfrogs
  6 scorpions
  A necrophage (D:5)
  4 wights (D:9)
  A hornet simulacrum (D:14)
  37 killer bees
  11 howler monkeys
  2 electric eels (Lair:5)
  2 lava snakes (Lair:5)
  A jelly (D:5)
  33 orc priests
  2 gnoll shamans
  3 iguanas
  Ijyb (D:5)
  16 orc wizards
  6 hell rats (Lair:5)
  17 adders
  7 gnolls
  2 white imps
  A worm (D:3)
  3 dart slugs
  83 orcs
  12 endoplasms
  5 giant cockroaches
  9 goblins
  5 hobgoblins
  3 jackals (D:1)
  7 quokkas
  6 ball pythons
  5 bats
  2 frilled lizards (D:1)
  14 kobolds
  4 rats
712 creatures vanquished.

Vanquished Creatures (collateral kills)
  2 death yaks (Lair:5)
  A torpor snail (Lair:5)
3 creatures vanquished.

Vanquished Creatures (others)
  A skeletal warrior (D:15)
  A killer bee (D:10)
  31 fungi
  35 plants
68 creatures vanquished.

Grand Total: 783 creatures vanquished

Notes
Turn   | Place    | Note
-------+----------+-------------------------------------------
     0 | D:1      | dolemite99 the Minotaur Fighter began the quest for the
                  | Orb.
     0 | D:1      | Reached XP level 1. HP: 19/19 MP: 0/0
   141 | D:1      | Reached skill level 3 in Axes
   232 | D:1      | Reached XP level 2. HP: 26/26 MP: 1/1
   240 | D:1      | Reached skill level 4 in Axes
   428 | D:1      | Reached XP level 3. HP: 30/31 MP: 2/2
   789 | D:2      | Reached skill level 5 in Axes
  1163 | D:2      | Noticed Sigmund
  1235 | D:2      | Killed Sigmund
  1236 | D:2      | Reached skill level 7 in Axes
  1236 | D:2      | Reached XP level 4. HP: 26/39 MP: 3/3
  1236 | D:2      | Reached XP level 5. HP: 30/45 MP: 4/4
  2322 | D:3      | Reached XP level 6. HP: 51/51 MP: 5/5
  2592 | D:3      | Found a hide-covered altar of Uskayaw.
  2637 | D:3      | Became a worshipper of Uskayaw the Reveller
  2939 | D:3      | Found a faded altar of an unknown god.
  3066 | D:4      | Reached * piety under Uskayaw
  3091 | D:4      | Identified the +0 leather armour "Diubus" {rPois rN+++
                  | Will- Stlth+}
  3314 | D:4      | Reached ** piety under Uskayaw
  3318 | D:4      | Reached skill level 8 in Axes
  3456 | D:4      | Reached *** piety under Uskayaw
  3645 | D:4      | Reached skill level 9 in Axes
  4041 | D:5      | Entered Level 5 of the Dungeon
  4309 | D:5      | Reached XP level 7. HP: 33/57 MP: 4/6
  4312 | D:5      | Reached **** piety under Uskayaw
  4316 | D:5      | Reached ***** piety under Uskayaw
  4326 | D:5      | Reached skill level 10 in Axes
  4850 | D:5      | Noticed Ijyb
  4854 | D:5      | Found a staircase to the Ecumenical Temple.
  4859 | D:5      | Killed Ijyb
  4990 | D:5      | Noticed Edmund
  5001 | D:5      | Killed Edmund
  5002 | D:5      | Reached skill level 11 in Axes
  5027 | D:5      | Reached XP level 8. HP: 43/64 MP: 3/7
  5059 | D:5      | Reached skill level 1 in Invocations
  5211 | D:5      | Found Esuino's Weapon Shoppe.
  5214 | D:5      | Noticed Menkaure
  5220 | D:5      | Killed Menkaure
  5453 | D:5      | Found Keucveonn's Serpentskin Sales.
  5662 | D:5      | Bought 5 poisoned darts for 20 gold pieces
  5662 | D:5      | Bought 6 poisoned darts for 24 gold pieces
  5662 | D:5      | Bought a scroll of poison for 35 gold pieces
  5662 | D:5      | Bought a scroll of poison for 35 gold pieces
  5662 | D:5      | Bought a scroll of poison for 35 gold pieces
  6419 | D:6      | Reached skill level 5 in Invocations
  6826 | D:6      | Identified the +6 dagger of Neos {freeze, rElec}
  7187 | D:6      | Noticed Grinder
  7200 | D:6      | Found a white marble altar of Elyvilon.
  7206 | D:6      | Killed Grinder
  7207 | D:6      | Reached skill level 12 in Axes
  7207 | D:6      | Found an opulent altar of Gozag.
  7207 | D:6      | Found a shimmering altar of Xom.
  7406 | D:6      | Found a basalt altar of Yredelemnul.
  7406 | D:6      | Found an iron altar of Okawaru.
  7495 | D:7      | Reached XP level 9. HP: 58/70 MP: 12/12
  7586 | D:7      | Found a shimmering blue altar of Sif Muna.
  7586 | D:7      | Found an ornate altar of the Wu Jian Council.
  7587 | D:7      | Found a sacrificial altar of Ru.
  7688 | D:7      | Noticed Maggie
  7715 | D:7      | Killed Maggie
  7716 | D:7      | Reached skill level 13 in Axes
  7716 | D:7      | Reached skill level 5 in Fighting
  8843 | D:8      | Found a staircase to the Lair.
  8960 | D:8      | Found Vigoumea's Antique Armour Emporium.
  8965 | D:8      | Bought a glowing hat for 203 gold pieces
  8985 | D:8      | Bought a pair of gloves for 130 gold pieces
  9130 | D:9      | Noticed a two-headed ogre
  9196 | D:9      | Killed a two-headed ogre
  9312 | D:9      | Reached XP level 10. HP: 81/83 MP: 13/13
  9580 | D:9      | Noticed a two-headed ogre
  9714 | D:9      | Found a flagged portal.
  9770 | D:9      | Killed a two-headed ogre
 10058 | D:9      | Found a staircase to the Orcish Mines.
 10083 | D:9      | Reached skill level 10 in Armour
 10085 | D:9      | Reached ****** piety under Uskayaw
 10303 | D:9      | Noticed a two-headed ogre
 10311 | D:9      | Killed a two-headed ogre
 10620 | D:9      | Found Tuliovao's CLEARANCE SALE!.
 10623 | D:9      | Bought a potion of curing for 9 gold pieces
 10623 | D:9      | Bought a scroll of teleportation for 9 gold pieces
 10718 | D:9      | Noticed a two-headed ogre
 10726 | D:9      | Killed a two-headed ogre
 10729 | D:9      | Got the Papyrus of Aerial Shape Shifting
 11137 | Orc:1    | Entered Level 1 of the Orcish Mines
 11137 | Orc:1    | Noticed an orc sorcerer
 11139 | Orc:1    | Paralysed by an orc sorcerer for 4 turns
 11153 | D:9      | Reached skill level 1 in Maces & Flails
 11155 | D:9      | Killed an orc sorcerer
 11367 | Lair:1   | Entered Level 1 of the Lair of Beasts
 11376 | Lair:1   | Noticed a black mamba
 11387 | Lair:1   | Killed a black mamba
 11423 | Lair:1   | Reached XP level 11. HP: 54/92 MP: 14/14
 11943 | Lair:1   | Reached skill level 5 in Maces & Flails
 13984 | Lair:2   | Identified a scroll of acquirement
 13985 | Lair:2   | Acquired an amulet of faith
 13990 | Lair:2   | Found a glowing silver altar of Zin.
 14954 | Lair:2   | Reached skill level 10 in Maces & Flails
 15188 | Lair:2   | Noticed a five-headed hydra
 15206 | Lair:2   | Killed a five-headed hydra
 15272 | Lair:2   | Reached XP level 12. HP: 56/104 MP: 12/16
 15967 | Lair:2   | Noticed Erica
 15978 | Lair:2   | Killed Erica
 15979 | Lair:2   | Reached skill level 5 in Throwing
 16611 | Lair:3   | Noticed a five-headed hydra
 16838 | Lair:3   | Killed a five-headed hydra
 16839 | Lair:3   | Reached skill level 1 in Dodging
 17049 | Lair:3   | Noticed an eight-headed hydra
 17061 | Lair:3   | Killed an eight-headed hydra
 17499 | Lair:3   | Found a staircase to the Shoals.
 17824 | Lair:4   | Reached skill level 10 in Fighting
 18470 | Lair:4   | Reached skill level 5 in Dodging
 18479 | Lair:4   | Reached XP level 13. HP: 112/115 MP: 17/17
 18966 | Lair:4   | Found a hole to the Spider Nest.
 21238 | Lair:5   | Reached skill level 10 in Invocations
 21852 | Lair:6   | Entered Level 6 of the Lair of Beasts
 21861 | Lair:6   | Noticed Kirke
 21875 | Lair:6   | Killed Kirke
 22521 | Lair:6   | Noticed Sonja
 22522 | Lair:6   | Noticed Sonja
 22522 | Lair:6   | Sonja changed into Sonja the hornet
 22529 | Lair:6   | Killed Sonja the hornet
 23097 | Lair:6   | Reached XP level 14. HP: 93/124 MP: 22/22
 23864 | Lair:6   | Found a staircase to the Slime Pits.
 23864 | Lair:6   | Found a viscous altar of Jiyva.
 23920 | Lair:6   | Reached skill level 1 in Evocations
 24004 | Lair:6   | Identified the ring "Viddad" {rPois rF+ Dex-5 SInv}
 24311 | D:10     | Entered Level 10 of the Dungeon
 25243 | D:10     | Noticed Josephine
 25254 | D:10     | Killed Josephine
 25289 | D:10     | Reached skill level 5 in Evocations
 25849 | D:11     | Noticed Maurice
 25877 | D:11     | Killed Maurice
 25992 | D:11     | Found Zytroem's Mass Market.
 26003 | D:11     | Bought a +4 plate armour for 540 gold pieces
 26046 | D:11     | Found Ystum's Distillery.
 26057 | D:11     | Noticed Lodul
 26076 | D:11     | Killed Lodul
 27214 | Orc:2    | Entered Level 2 of the Orcish Mines
 27214 | Orc:2    | Found a staircase to the Elven Halls.
 27635 | Orc:2    | Found a shimmering altar of Xom.
 30230 | Orc:2    | Gained mutation: You are covered in fur. (AC +1) [a
                  | neqoxec]
 30918 | Orc:2    | Found Nucovvaz's Magic Scroll Shop.
 30921 | Orc:2    | Found Riaptit's Distillery.
 30922 | Orc:2    | Found Sujuniri's Armour Shop.
 30923 | Orc:2    | Found Gokhlixe's Antique Weapon Shop.
 30930 | Orc:2    | Bought a scroll of blinking for 105 gold pieces
 30930 | Orc:2    | Bought a scroll of blinking for 105 gold pieces
 30930 | Orc:2    | Bought a scroll of enchant armour for 105 gold pieces
 30930 | Orc:2    | Bought a scroll of enchant armour for 105 gold pieces
 30930 | Orc:2    | Bought a scroll of fear for 49 gold pieces
 30930 | Orc:2    | Bought a scroll of poison for 49 gold pieces
 30936 | Orc:2    | Bought a potion of curing for 39 gold pieces
 30936 | Orc:2    | Bought a potion of heal wounds for 65 gold pieces
 31088 | D:11     | Bought a potion of heal wounds for 55 gold pieces
 31088 | D:11     | Bought a potion of curing for 33 gold pieces
 31088 | D:11     | Bought 2 potions of curing for 66 gold pieces
 31088 | D:11     | Bought a potion of cancellation for 88 gold pieces
 31088 | D:11     | Bought a potion of flight for 33 gold pieces
 31551 | D:12     | Reached skill level 5 in Shields
 31698 | D:12     | Reached XP level 15. HP: 135/135 MP: 23/23
 33319 | D:13     | Identified the ring of Meulyt {Fire Int+3}
 33457 | D:13     | Found a transporter.
 33479 | D:13     | Identified the ring "Caisimue" {Ice +Blink Fly Dex+4}
 34031 | D:13     | Found a transporter.
 34095 | D:13     | Noticed Fyzyjia Apiu's ghost (journeyman VSAK)
 35478 | D:14     | Found a gate to the Vaults.
 35501 | D:14     | Found a portal to a secret trove of treasure.
 35837 | D:15     | Entered Level 15 of the Dungeon
 36091 | D:15     | Reached skill level 14 in Axes
 36598 | D:15     | Identified Roxanne's Reference Book on the Rocks
 36598 | D:15     | Noticed Roxanne
 36667 | D:15     | Found a staircase to the Depths.
 37022 | D:15     | Reached skill level 15 in Axes
 37312 | Shoals:1 | Entered Level 1 of the Shoals
 37822 | Shoals:1 | Killed from afar by a merfolk aquamancer

Illustrated notes

Levels and vault maps discovered:
D:1:      tarquinn_simple_flora_water_d, layout_basic
D:2:      layout_rooms, grunt_decor_one_mirror, minmay_pentomino_o4,
          uniq_sigmund
D:3:      layout_loops_ring, lemuel_coloured_pillars_altar,
          shapermc_ecumenical_altar_notcrosses, hangedman_abyss_or_decor_stabs,
          serial_bayou_pond_e, kennysheep_generic_room_11
D:4:      layout_basic, grunt_decor_fettered, grunt_ministairs_2,
          roderic_three_in_a_row
D:5:      layout_layer_cave, minmay_temple_entry_stoned_glass, serial_shops,
          nicolae_shop_bloodbath_and_beyond, guppyfry_shop_venom, uniq_ijyb,
          uniq_edmund, uniq_menkaure
D:6:      layout_loops_ring, minmay_overflow_temple_star_hex, uniq_grinder
D:7:      layout_rooms, chequers_temple_overflow_statue_of_worship, uniq_maggie
D:8:      layout_basic, lair_entry_dummy, serial_shops, shop_statue,
          roderic_serpentine_path
D:9:      layout_roguey, minmay_orc_entry_temple_small, enter_bailey_2,
          nicolae_shop_clearance
D:10:     layout_long_grid, hangedman_corner_corridor, uniq_josephine
D:11:     layout_rooms, serial_shops, shop_statue, small_statue_intersection,
          minmay_shop_mass, uniq_maurice, uniq_lodul
D:12:     layout_gridville, einodemon_barbed_minivault
D:13:     layout_roguey, gauntlet_entry_generic, gammafunk_ghost_abyssal_escape,
          hangedman_abyss_or_decor_clamps
D:14:     layout_irregular_city, hangedman_vaults_entry_quadrant_bands,
          amcnicky_mini_rare_corridor_liquid, nicolae_trove_entry_isolated
D:15:     hangedman_depths_entry_civil_slaughter, layout_rooms,
          minmay_misc_feat_chi, minmay_statues_item, uniq_roxanne
Lair:1:   layout_layer_cave, serial_bayou_shore_a
Lair:2:   hangedman_what_comes_after_a, layout_regular_city, basic_altar,
          uniq_erica
Lair:3:   layout_gridlike, minmay_shoals_entry_hut, grunt_megastairs_4,
          infiniplex_staircase_pool
Lair:4:   layout_regular_city, spider_nest_entry_funnel_web,
          kennysheep_catoblepas_arena, lemuel_fruit_tree, serial_bayou_shore_b,
          lemuel_fruit_fields
Lair:5:   layout_cave_pods, nicolae_lair_liquid_snakes,
          infiniplex_staircase_pool_2
Lair:6:   grunt_lair_end_beastmaster, layout_regular_city, slime_altar_1,
          grunt_megastairs_3, uniq_sonja, uniq_kirke
Shoals:1: layout_shoals, nicolae_shoals_water_shrine
Orc:1:    layout_caves, basic_altar
Orc:2:    st_orc_pillars, layout_caves, basic_altar, lightli_orcish_oven

Skill      XL: |  1  2  3  4  5  6  7  8  9 10 11 12 13 14 15 |
---------------+----------------------------------------------+-----
Axes           | 3 4 7 9 11 12 13 15 | 15.2
Invocations    | 5 7 12 | 12.6
Fighting       | 7 9 10 11 13 | 13.0
Armour         | 6 11 12 13 | 13.6
Maces & Flails | 4 10 11 12 | 12.3
Throwing       | 2 6 7 9 |  9.4
Dodging        | 5 |  5.7
Evocations     | 6 8 |  8.3
Shields        | 5 |  5.0

Action                   |  1- 3 |  4- 6 |  7- 9 | 10-12 | 13-15 || total
-------------------------+-------+-------+-------+-------+-------++-------
Melee: War axe           |    58 |   112 |   252 |   164 |       ||   586
       Headbutt          |     8 |    12 |    43 |    84 |   276 ||   423
       Flail             |       |       |       |   371 |  1029 ||  1400
       Broad axe         |       |       |       |       |    68 ||    68
Throw: Javelin           |       |    16 |     5 |    18 |     9 ||    48
       Stone             |       |       |       |     6 |    31 ||    37
       Dart              |       |       |       |    93 |   316 ||   409
       Boomerang         |       |       |       |    44 |     6 ||    50
Invok: Stomp             |       |       |     3 |    16 |    45 ||    64
Evoke: Wand              |       |       |    41 |    11 |    52 ||   104
  Use: Potion            |     2 |     1 |     3 |     3 |    12 ||    21
       Scroll            |       |     6 |     4 |    15 |    23 ||    48
 Stab: Paralysed         |       |       |    15 |    34 |   101 ||   150
Armor: Scale mail        |    21 |       |       |       |       ||    21
       Chain mail        |    34 |    61 |    96 |       |       ||   191
       Swamp dragon scal |       |       |    30 |   260 |   127 ||   417
       Plate armour      |       |       |       |    10 |   597 ||   607
Dodge: Dodged            |    28 |    38 |    87 |   254 |   417 ||   824
Block: Buckler           |    22 |    27 |    42 |    95 |   203 ||   389

Table legend: (Time is in decaauts)
 A = Elapsed time spent in this place.
 B = Non-inter-level travel time spent in this place.
 C = Inter-level travel time spent in this place.
 D = Time resting spent in this place.
 E = Time spent auto-exploring this place.
 F = Levels seen in this place.
 G = Mean time per level.
                   A        B        C        D        E       F      G
               +--------+--------+--------+--------+--------+-----+--------+
         Total |  37453 |  35780 |   1673 |  12321 |  16803 |  24 | 1560.5 |
       Dungeon |  19886 |  18652 |   1234 |   5801 |   9284 |  15 | 1325.7 |
          Lair |  13156 |  12812 |    344 |   4167 |   6378 |   6 | 2192.7 |
        Shoals |    210 |    210 |      0 |     91 |     51 |   1 |  210.0 |
  Orcish Mines |   4199 |   4106 |     93 |   2261 |   1090 |   2 | 2099.5 |
               +--------+--------+--------+--------+--------+-----+--------+

Top non-repeatable levels by time:
  Lair:2: 2986 daAuts
   Orc:2: 2562 daAuts
  Lair:1: 2313 daAuts
  Lair:6: 2295 daAuts
     D:9: 2278 daAuts
  Lair:4: 2087 daAuts
    D:12: 2011 daAuts
  Lair:5: 1912 daAuts
     D:5: 1698 daAuts
   Orc:1: 1637 daAuts
  Lair:3: 1562 daAuts
    D:10: 1495 daAuts
    D:14: 1452 daAuts
     D:6: 1449 daAuts
     D:2: 1383 daAuts
